[Event "*** Titled Tuesday Blitz"]
[Site "Chess.com"]
[Date "2021.03.30"]
[Round "1"]
[White "Julianos82"]
[Black "FGHSMN"]
[Result "1-0"]
[WhiteElo "2392"]
[BlackElo "2677"]
[TimeControl "180+1"]
[EndTime "10:08:13 PDT"]
[Termination "Julianos82 won by resignation"]

1. d4 Nf6 2. Nf3 e6 3. Bg5 c5 4. e3 d5 5. Nbd2 Nc6 6. c3 Bd6 7. Bd3 h6 8. Bh4 e5 9. dxe5 Nxe5 10. Bb5+ Bd7 11. Bxd7+ Nexd7 12. O-O O-O 13. e4 Be7 14. exd5 Nxd5 15. Ne4 N7f6 16. Nxf6+ Nxf6 17. Qxd8 Rfxd8 18. Rad1 Kf8 19. Rfe1 g5 20. Bg3 Rxd1 21. Rxd1 Ne4 22. Rd7 Rd8 23. Rxd8+ Bxd8 24. Bb8 a6 25. Kf1 Ke7 26.
Ke2 f6 27. h3 Ke6 28. Ke3 f5 29. Nd2 Nxd2 30. Kxd2 Kd5 31. b3 c4 32. Ke2 Bf6 33.
Kd2 b5 34. Bc7 f4 35. f3 Kc5 36. Bb8 cxb3 37. axb3 b4 38. Ba7+ Kb5 39. c4+ Kc6 40.
Kd3 a5 41. Bf2 h5 42. Be1 Kc5 43. Ke4 a4 44. bxa4 Kxc4 45. Bxb4 Kxb4 46. h4 Kxa4 47. Kf5 Bd8 48. hxg5 Be7 49. g6 Bf8 50. Kxf4 Kb4 51.
Kf5 Bg7 52. Ke6 Kc3 53. Kf7 Bd4 54. g7 Bxg7 55. Kxg7 Kd4 56. Kg6 h4 57. Kg5 Ke3 58.
Kxh4 Kf2 59. f4 Kxg2 60. f5 1-0

[Event "*** Titled Tuesday Blitz"]
[Site "Chess.com"]
[Date "2021.03.30"]
[Round "1"]
[White "banane_verte"]
[Black "BilodeauA"]
[Result "0-1"]
[WhiteElo "2458"]
[BlackElo "2910"]
[TimeControl "180+1"]
[EndTime "10:08:15 PDT"]
[Termination "BilodeauA won by resignation"]

1. e4 c5 2. Nc3 a6 3. g3 b5 4.
Bg2 Bb7 5. Nge2 e6 6. O-O Ne7 7. d3 h5 8. Bg5 d6 9. a4 b4 10. Nb1 Qc7 11. Nd2 h4 12. Nc4 Ng6 13. Nf4 Nxf4 14. Bxf4 Nd7 15. a5 Be7 16. Qg4 g6 17. Rfe1 Nf6 18. Qe2 Nh5 19. Bd2 hxg3 20. hxg3 e5 21.
c3 bxc3 22. bxc3 Kf8 23. Rab1 Kg7 24. Be3 Bc6 25. Nb6 Rab8 26. d4 Nf6 27. Bg5 Rh5 28.
Bxf6+ Bxf6 29. dxc5 dxc5 30. Qxa6 Rbh8 31. Nd5 Bxd5 32.
exd5 Qd7 33. Rb7 Qf5 34. Qa7 Bg5 35. Be4 Qf6 36. d6 Rh2 37. Bg2 Bd2 38. Rxe5 Rxg2+ 39. Kxg2 Qxe5 40. Rxf7+ Kh6 41. Qe7 Qd5+ 42. f3 Bg5 43. Qe2 Rh7 44. Rxh7+ Kxh7 45. a6 Qxd6 46. f4 Bf6 47. a7 Qd5+ 48. Qf3 Qa2+ 49. Kh3 Qxa7 50. g4 Qa3 51. g5 Qxc3 52. Kg4 Qxf3+ 53. Kxf3 Bd4 54.
Ke4 Kg7 55. f5 gxf5+ 56. Kxf5 Kf7 57. Ke4 Kg6 58. Kf4 Bb2 59. Ke4 Kxg5 60. Kd5 Bd4 0-1

[Event "*** Titled Tuesday Blitz"]
[Site "Chess.com"]
[Date "2021.03.30"]
[Round "1"]
[White "theredking89"]
[Black "ecwinslow"]
[Result "1/2-1/2"]
[WhiteElo "2551"]
[BlackElo "2272"]
[TimeControl "180+1"]
[EndTime "10:08:15 PDT"]
[Termination "Game drawn by repetition"]

1. Nf3 d5 2. g3 Nf6 3. Bg2 g6 4. c4 c6 5. O-O Bg7 6. d4 O-O 7. Qa4 dxc4 8. Qxc4 Nbd7 9. Qc2 Re8 10. e4 e5 11.
dxe5 Nxe5 12. Nxe5 Rxe5 13. Nc3 Re8 14. h3 Be6 15.
Be3 Qa5 16. f4 Qh5 17. f5 gxf5 18. exf5 Bc4 19. Rfe1 Nd5 20. Nxd5 Bxd5 21. g4 Qh4 22.
Bf2 Qf6 23. Bxd5 cxd5 24. b3 d4 25. Qd3 Qb6 26. Rxe8+ Rxe8 27. Re1 Rxe1+ 28. Bxe1 Qc5 29. a4 h6 30. Kg2 Qc1 31. Bf2 Qf4 32. Qf3 Qd2 33.
Qxb7 d3 34. Qc8+ Kh7 35. Qd7 Qe2 36. f6 Bxf6 37. Qxf7+ Bg7 38. Qf5+ Kg8 39. Qd5+ Kh7 40. Qf5+ Kg8 41. Qf3 Qc2 42. Qa8+ Kh7 43. Qe4+ Kg8 44. Kf3 Bc3 45. Qe8+ Kg7 46. Qe7+ Kg8 47. Qe6+ Kg7 48. Qd7+ Kg8 49. Qd8+ Kg7 50. Bd4+ Bxd4 51. Qxd4+ Kg6 52. Qe4+ Kg7 53. Qe7+ Kg6 54. Qd6+ Kg7 55. Qd7+ Kg6 56. Qf5+ Kg7 57. Qe5+ Kg6 58. Qd6+ Kg7 59. Qd7+ Kg6 60.
Qe8+ Kg7 61. Qe5+ Kg6 62. Qf5+ Kg7 63. Qd7+ 1/2-1/2

[Event "*** Titled Tuesday Blitz"]
[Site "Chess.com"]
[Date "2021.03.30"]
[Round "1"]
[White "Fortitudine"]
[Black "Danny_Billiards"]
[Result "1/2-1/2"]
[WhiteElo "2268"]
[BlackElo "2553"]
[TimeControl "180+1"]
[EndTime "10:08:15 PDT"]
[Termination "Game drawn by repetition"]

1. c4 c5 2. g3 Nc6 3. Bg2 g6 4.
Nc3 Bg7 5. d3 d6 6. e4 a6 7.
Nge2 b5 8. cxb5 axb5 9. Nxb5 Ba6 10. Nbc3 e5 11. O-O Nge7 12. a3 O-O 13. Be3 Nd4 14. b4 cxb4 15. axb4 Nec6 16. Nd5 Qb8 17. Nxd4 exd4 18.
Bf4 Ra7 19. Rb1 Rb7 20. Qd2 Ne5 21. Bxe5 dxe5 22. Rfc1 Rc8 23. Rxc8+ Qxc8 24. Rc1 Qd7 25. Rc5 Bb5 26. h4 Bc6 27. Qa2 Bxd5 28. Rxd5 Qc8 29. b5 h5 30. Kh2 Kh7 31. Qb3 Qc1 32. b6 Qd2 33. Kg1 Qe1+ 34. Bf1 Qc1 35. Rb5 Qc6 36.
Qb4 f6 37. Be2 Bf8 38. Qc4 Rxb6 39. Qxc6 Rxc6 40. Rb7+ Bg7 41. Kg2 Rc2 42. Bf1 Kg8 43. Rd7 Bh6 44. Kf3 Rc8 45. Be2 Rf8 46. Re7 Rf7 47. Rxf7 Kxf7 48. g4 hxg4+ 49. Kxg4 Bf4 50. h5 gxh5+ 51. Kxh5 Bg5 52. Kg4 Ke7 53. f3 Kd6 54.
Bf1 Kc5 55. Kg3 Be3 56. f4 Bxf4+ 57. Kf3 Kb4 58. Ke2 Kc3 59. Bh3 Kb4 60. Bf5 Kc5 61.
Bh7 Kd6 62. Bf5 Ke7 63. Bh7 Kf8 64. Bf5 Kg7 65. Bc8 Kh6 66. Bf5 Kg5 67. Bc8 Kh4 68. Bf5 Bg3 69. Bc8 Kg5 70. Bf5 Kf4 71. Bc8 Bh4 72. Bf5 Bg5 73. Bc8 Bh6 74. Bf5 Bf8 75. Bc8 Bb4 76. Bf5 Kg5 77. Bc8 Kh6 78. Bf5 Kg7 79.
Bc8 Kf8 80. Bh3 Ke7 81. Bf5 Kd6 82. Bh3 Kc7 83. Bf5 Bf8 84. Bh3 Bh6 85. Bf5 Bf4 86. Bh3 Kd6 87. Bf5 Kc5 88. Bh3 Kd6 89. Bf5 1/2-1/2

[Event "*** Titled Tuesday Blitz"]
[Site "Chess.com"]
[Date "2021.03.30"]
[Round "1"]
[White "agartha01"]
[Black "BlackWidow515"]
[Result "1-0"]
[WhiteElo "2527"]
[BlackElo "2187"]
[TimeControl "180+1"]
[EndTime "10:08:15 PDT"]
[Termination "agartha01 won by checkmate"]

1. d4 d5 2. Bf4 Nf6 3. Nf3 e6 4.
e3 Bd6 5. Bg3 O-O 6. Nbd2 b6 7.
Bd3 Bb7 8. c3 Qe7 9. O-O Nbd7 10. Qe2 e5 11. dxe5 Nxe5 12. Nxe5 Bxe5 13. Nf3 Bxg3 14.
hxg3 c5 15. Rad1 Rad8 16. Rfe1 g6 17. a3 a5 18. b4 axb4 19. axb4 cxb4 20. cxb4 Qxb4 21.
Nd4 Ne4 22. Rb1 Qd6 23. Qb2 Rb8 24. Qxb6 Qxb6 25. Rxb6 Ba8 26. Ra6 Rb2 27. Bxe4 dxe4 28. Rc1 Bd5 29. g4 Rfb8 30. Rc5 Bb7 31. Ra7 Ba8 32. g5 Kg7 33. Re5 R2b7 34. Rxb7 Rxb7 35.
Ra5 Rb1+ 36. Kh2 Bb7 37. Kg3 Rb2 38. Re5 Rb6 39. Re7 Ba8 40. Kf4 Bd5 41. Ke5 Ba8 42. Ra7 Bb7 43. g4 h6 44. Kf4 hxg5+ 45. Kxg5 f6+ 46.
Kh4 Kh6 47. Kg3 Rb2 48. Ra5 g5 49. Rc5 Rb1 50. Rc7 Rg1+ 51. Kh3 Rh1+ 52. Kg2 Rh4 53. Nf5+ Kg6 54. Rg7# 1-0

[Event "*** Titled Tuesday Blitz"]
[Site "Chess.com"]
[Date "2021.03.30"]
[Round "1"]
[White "Hongjin"]
[Black "MrTattaglia"]
[Result "0-1"]
[WhiteElo "2438"]
[BlackElo "2839"]
[TimeControl "180+1"]
[EndTime "10:08:17 PDT"]
[Termination "MrTattaglia won by resignation"]

1. e4 c6 2. d4 d5 3. exd5 cxd5 4. Bd3 Nc6 5. c3 Nf6 6. Nf3 Bg4 7. h3 Bh5 8. O-O e6 9. Nbd2 g5 10. Qb3 Qc7 11. Re1 g4 12. hxg4 Bxg4 13. Ne5 Rg8 14. Nf1 Bd6 15. f4 Bh5 16. Bd2 Ne4 17. Bxe4 dxe4 18. Ne3 O-O-O 19. Qc2 Bf3 20. Kf1 Bxe5 21.
fxe5 Bxg2+ 22. Nxg2 Nxd4 23. Qxe4 Nf5 24. Bf4 Rd2 25.
Bxd2 Ng3+ 26. Kf2 Nxe4+ 27. Rxe4 Qb6+ 28. Rd4 f6 29. Re1 fxe5 30. Rxe5 Qxb2 31. Re2 Qxa2 32. Be3 Qb3 33. c4 Qb6 34. c5 Qc6 35. Kf1 e5 36. Rd6 Qf3+ 37. Rf2 Qe4 38. Rdf6 Qd3+ 39. Kg1 Qd1+ 40.
Rf1 Qd8 41. Rf7 Qd5 42. Rf8+ Rxf8 43. Rxf8+ Kc7 44. Rf2 a5 45. Rd2 Qe4 46. Kf2 a4 47. Ne1 a3 48. Nf3 Kc6 49. Re2 Kc7 50. Bd4 Qxe2+ 51.
Kxe2 exd4 52. Nxd4 h5 53. Kf3 a2 54. Nb3 Kc6 55. Kf4 Kb5 56. Kg5 Kc4 57. Na1 Kxc5 58.
Kxh5 Kd4 59. Kg4 Kc3 60. Kf3 Kb2 61. Ke2 Kxa1 62. Kd3 Kb1 63. Kc4 a1=Q 64. Kb5 0-1

[Event "*** Titled Tuesday Blitz"]
[Site "Chess.com"]
[Date "2021.03.30"]
[Round "1"]
[White "KuzubovYuriy"]
[Black "shnitez"]
[Result "1-0"]
[WhiteElo "2864"]
[BlackElo "2453"]
[TimeControl "180+1"]
[EndTime "10:08:18 PDT"]
[Termination "KuzubovYuriy won by checkmate"]

1. d4 Nf6 2. Nf3 e6 3. c4 b6 4.
g3 Bb7 5. Bg2 Bb4+ 6. Bd2 c5 7.
d5 exd5 8. Nh4 Qc7 9. O-O O-O 10. Bf4 d6 11. cxd5 Nbd7 12. Nc3 a6 13. a3 Bxc3 14. bxc3 c4 15. Nf5 Ne5 16. Rb1 Rfe8 17. Qd2 b5 18. a4 Qd7 19. Nxg7 Kxg7 20. Bh6+ Kh8 21. Qg5 Nh5 22.
Qxh5 f6 23. axb5 axb5 24. Bh3 Qf7 25. Qxf7 Nxf7 26. Bf4 Bxd5 27. Rxb5 Be6 28. Bxe6 Rxe6 29. e3 Ne5 30. Rfb1 Re7 31. Bxe5 fxe5 32. Rd5 Rd8 33.
Rb6 Red7 34. f4 exf4 35. gxf4 Kg7 36. Kf2 Kf6 37. Rh5 Kg6 38. Rg5+ Kf6 39. Kf3 Rg7 40. Rxg7 Kxg7 41. Ke4 Re8+ 42. Kd4 Re6 43. e4 Kf7 44. f5 Rh6 45. Kd5 Ke7 46. Rb7+ Kd8 47. Rg7 Ke8 48. h3 Kf8 49. Rc7 Ke8 50. Rxc4 Kd7 51. Ra4 Kd8 52. Ra7 Ke8 53. c4 Kd8 54. c5 dxc5 55. Kxc5 Rxh3 56. e5 Rd3 57. f6 Ke8 58. Rxh7 Kf8 59. e6 Kg8 60.
Rg7+ Kf8 61. e7+ Ke8 62. Rg8+ Kd7 63. e8=Q+ Kc7 64. Qc8# 1-0

[Event "*** Titled Tuesday Blitz"]
[Site "Chess.com"]
[Date "2021.03.30"]
[Round "1"]
[White "Kolle05"]
[Black "KNVB"]
[Result "0-1"]
[WhiteElo "2371"]
[BlackElo "2689"]
[TimeControl "180+1"]
[EndTime "10:08:18 PDT"]
[Termination "KNVB won by resignation"]

1. e4 c5 2. Nf3 e6 3. d4 cxd4 4.
Nxd4 Nc6 5. Nc3 Qc7 6. g3 a6 7. Bg2 Nf6 8. O-O Nxd4 9. Qxd4 Bc5 10.
Bf4 d6 11. Qd2 h6 12. Rad1 e5 13. Be3 Bg4 14. f4 Bxd1 15. Rxd1 Bxe3+ 16. Qxe3 Ng4 17.
Nd5 Nxe3 18. Nxc7+ Kd8 19. Rd3 Kxc7 20. Rxe3 Rhe8 21.
Kf2 Kd8 22. Rd3 Ke7 23. Ke3 Rac8 24. c3 Red8 25. a3 g6 26. h4 Rb8 27. Rd5 f6 28. g4 exf4+ 29. Kxf4 Rbc8 30. Rd4 Rc5 31. Bf3 g5+ 32.
hxg5 hxg5+ 33. Kg3 Rh8 34. Kg2 b5 35. Rd1 Ke6 36. Kg3 Rc7 37. Rd5 Rc5 38. Rd4 a5 39. Bg2 Rc4 40. Rd5 Rc5 41. Rd4 Rb8 42. Bf1 b4 43.
axb4 axb4 44. cxb4 Rc1 45. Bc4+ Ke5 46. Rd5+ Kxe4 47.
b3 Rc3+ 48. Kg2 Ra8 49. Ra5 Rxa5 50. bxa5 Rc2+ 51. Kg3 d5 52. Bb5 Rc3+ 53. Kg2 Rxb3 54. Bd7 Rb2+ 55. Kg3 Ra2 56. Bf5+ Ke3 57. Be6 Rxa5 58.
Bf5 d4 59. Kg2 d3 60. Kf1 d2 61. Bc2 Rc5 62. Kg2 Rxc2 0-1

[Event "*** Titled Tuesday Blitz"]
[Site "Chess.com"]
[Date "2021.03.30"]
[Round "1"]
[White "DrCeltic"]
[Black "OK97"]
[Result "0-1"]
[WhiteElo "2424"]
[BlackElo "2801"]
[TimeControl "180+1"]
[EndTime "10:08:19 PDT"]
[Termination "OK97 won on time"]

1. e4 e6 2. d4 d5 3. Nc3 Bb4 4. Qd3 Nc6 5. Nf3 Nge7 6. Bd2 b6 7. O-O-O a5 8. exd5 exd5 9. a3 Bxc3 10. Qxc3 O-O 11. Bb5 Bd7 12. Bg5 f6 13. Bf4 Nb4 14. axb4 Bxb5 15. Qxc7 axb4 16. Qxd8 Rfxd8 17. Bc7 Rdc8 18.
Bxb6 b3 19. Bc5 bxc2 20. Kxc2 Nc6 21. Ra1 Nxd4+ 22. Nxd4 Rxc5+ 23. Kd2 Rac8 24. Rac1 Bc4 25. b3 Ba6 26. Rxc5 Rxc5 27. Ra1 Bc8 28. Ra8 Kf7 29. Ra7+ Kg6 30. Kd3 Rc1 31. b4 Rd1+ 32. Ke3 Re1+ 33.
Kd2 Rb1 34. Kc3 Rc1+ 35. Kd2 Rc4 36. Kd3 Rxb4 37. Rc7 Ba6+ 38. Ke3 Rb7 39. Rxb7 Bxb7 40. Ne6 Bc8 41. Nc7 Bb7 42. Kd4 Kf5 43. Nxd5 Bxd5 44. Kxd5 h5 45. Kd4 Kf4 46. Kd3 g5 47. Ke2 Ke4 48. f3+ Kd4 49. Kd2 f5 50. g3 h4 51. gxh4 gxh4 52. Ke2 f4 53. Kd2 h3 0-1

[Event "*** Titled Tuesday Blitz"]
[Site "Chess.com"]
[Date "2021.03.30"]
[Round "1"]
[White "Tenamu"]
[Black "ZiggyStardust64"]
[Result "0-1"]
[WhiteElo "2391"]
[BlackElo "2722"]
[TimeControl "180+1"]
[EndTime "10:08:19 PDT"]
[Termination "ZiggyStardust64 won by checkmate"]

1. e4 e5 2. Nf3 Nc6 3. Bb5 a6 4.
Ba4 Nf6 5. O-O Bc5 6. c3 O-O 7. d4 Ba7 8. Bg5 h6 9. Bh4 d6 10. Bxc6 bxc6 11. Nbd2 Bg4 12. dxe5 dxe5 13. h3 Bxf3 14.
Nxf3 Qxd1 15. Raxd1 Nxe4 16. Rfe1 f5 17. Kf1 g5 18.
Bg3 Nxg3+ 19. fxg3 e4 20. Ne5 Rf6 21. Rd7 Bb6 22. a4 Re8 23. Nc4 f4 24. g4 f3 25.
a5 Bc5 26. Rxc7 e3 27. gxf3 Rxf3+ 28. Kg2 Rf2+ 29. Kg3 e2 30. Rxc6 Rf1 31. Rxe2 Rxe2 32. Rxc5 Ref2 33. Ne5 Rxb2 34. Rc6 Rc2 35. Nf3 Ra1 36.
Nd4 Rd2 37. Rxa6 Rd3+ 38. Kf2 Ra2+ 39. Ne2 Rxh3 40. Ra8+ Kg7 41. Ra7+ Kf6 42. Ra6+ Ke5 43. Ra8 Rh2+ 44. Kf3 Rh3+ 45. Kf2 Rxc3 46. Re8+ Kd5 47. Rd8+ Ke6 48. Rh8 Rcc2 49. Kf3 Ra3+ 50. Kf2 Raa2 51. Kf3 Ra3+ 52. Kf2 Kf7 53. Rxh6 Raa2 54. Rh7+ Kf8 55.
Rh8+ Kf7 56. Rh7+ Kf6 57. Rh6+ Ke5 58. a6 Rxe2+ 59. Kf3 Rf2+ 60. Ke3 Rfb2 61. a7 Rb3# 0-1

[Event "*** Titled Tuesday Blitz"]
[Site "Chess.com"]
[Date "2021.03.30"]
[Round "1"]
[White "sganerdene"]
[Black "kakorrhaphiophobie"]
[Result "1-0"]
[WhiteElo "2646"]
[BlackElo "2341"]
[TimeControl "180+1"]
[EndTime "10:08:19 PDT"]
[Termination "sganerdene won on time"]

1. e4 e6 2. d4 d5 3. Nc3 Bb4 4. exd5 exd5 5. Bd3 Nf6 6. Ne2 O-O 7. O-O Re8 8. a3 Bf8 9. Bg5 c6 10. Ng3 h6 11. Bf4 g6 12. Qd2 Kh7 13. Rfe1 Rxe1+ 14. Rxe1 Bg7 15. h4 h5 16. Bg5 Kg8 17. Qf4 b6 18. b4 Bb7 19. Nb1 a5 20. Nd2 Ba6 21. Nf3 Bxd3 22. cxd3 axb4 23. axb4 Nbd7 24. Qd6 Rc8 25.
Ne5 Bf8 26. Bxf6 Bxd6 27. Bxd8 Bxe5 28. dxe5 Rxd8 29. d4 c5 30. bxc5 bxc5 31. Ne2 cxd4 32. Nxd4 Nc5 33. Rd1 Re8 34. Nf3 Rd8 35. g3 Kf8 36.
Kg2 Ke7 37. Nd4 Rc8 38. Rc1 Rc7 39. Nb5 Rc6 40. Rd1 Rb6 41. Nc3 Ke6 42. Nxd5 Rb2 43. Nf4+ Kxe5 44. Rd5+ Kf6 45. Rxc5 Kg7 46. Rc6 Ra2 47.
Nh3 Ra7 48. Ng5 Rb7 49. Ne4 Ra7 50. Nd6 Rd7 51. Nc4 Ra7 52. Rd6 Rb7 53. Ne5 Ra7 54. Rd7 Ra5 55. Nxf7 Kf6 56. Ng5 Ra2 57. Rf7+ Ke5 58.
Nf3+ Ke6 59. Rf4 Rb2 60. g4 hxg4 61. Rxg4 Kf5 62. Kg3 Rb1 63. Rg5+ Kf6 64. Rc5 Kg7 65. Ng5 Kh6 66. Rc7 Rg1+ 67. Kh2 1-0

[Event "*** Titled Tuesday Blitz"]
[Site "Chess.com"]
[Date "2021.03.30"]
[Round "1"]
[White "DanielTitichoca"]
[Black "Aradhya2000"]
[Result "1/2-1/2"]
[WhiteElo "2275"]
[BlackElo "2560"]
[TimeControl "180+1"]
[EndTime "10:08:20 PDT"]
[Termination "Game drawn by repetition"]

1. e4 e5 2. Nf3 Nc6 3. Bc4 Nf6 4. d3 Bc5 5. O-O O-O 6. c3 d5 7. exd5 Nxd5 8. Re1 Bg4 9. Nbd2 Nb6 10. Bb5 f6 11. b4 Bd6 12. h3 Bh5 13. Ne4 Kh8 14. Ng3 Bg6 15. Nh4 f5 16. Nxg6+ hxg6 17. Ba4 Nxa4 18.
Qxa4 Ne7 19. Bg5 Qe8 20. Qc2 Qf7 21. h4 Rae8 22. Qe2 Nd5 23. Qd2 Nf4 24. d4 Qd5 25. Bxf4 exf4 26. Nf1 a5 27. a3 axb4 28. axb4 Qc4 29. Nh2 Rxe1+ 30. Rxe1 Ra8 31. Nf3 Ra2 32.
Qc1 Kg8 33. Ng5 Kf8 34. Ne6+ Kf7 35. Nxf4 Qb3 36. Nh3 Qc2 37. Ng5+ Kf8 38. Qe3 Ra8 39. Qe6 Qa2 40. Qd7 Kg8 41. Ne6 Bf8 42. d5 Qc4 43.
Ng5 Qxc3 44. Qf7+ Kh8 45. Re8 Rxe8 46. Qxe8 Qf6 47. Ne6 Kg8 48. b5 Qa1+ 49. Kh2 Qe5+ 50. g3 Qf6 51. Nxf8 Qxf8 52. Qe6+ Qf7 53. Qc8+ Kh7 54.
Qxb7 f4 55. Qc6 fxg3+ 56. fxg3 Qf2+ 57. Kh3 Qf5+ 58. Kh2 Qf2+ 59. Kh3 Qf1+ 60. Kh2 Qf2+ 1/2-1/2

[Event "*** Titled Tuesday Blitz"]
[Site "Chess.com"]
[Date "2021.03.30"]
[Round "1"]
[White "hypert"]
[Black "Soltan49"]
[Result "1/2-1/2"]
[WhiteElo "2522"]
[BlackElo "2213"]
[TimeControl "180+1"]
[EndTime "10:08:20 PDT"]
[Termination "Game drawn by repetition"]

1. Nf3 Nf6 2. e3 c5 3. b3 b6 4. Bb2 Bb7 5. c4 d5 6. cxd5 Nxd5 7. d3 Nd7 8. Be2 N7f6 9. O-O e6 10. a3 Be7 11. Nbd2 O-O 12. Rc1 a6 13. Re1 Rc8 14. Bf1 b5 15. Qc2 h6 16. Qb1 Nd7 17. d4 Bf6 18. Ne4 Be7 19. dxc5 Nxc5 20. Nxc5 Bxc5 21. Qa1 f6 22. b4 Bb6 23. Bd4 e5 24. Rxc8 Qxc8 25.
Bxb6 Nxb6 26. Rc1 Qe6 27. Be2 Rd8 28. h3 Nc4 29. Qc3 Rc8 30. Qa1 Kh8 31. a4 Qb6 32. axb5 axb5 33. Qb1 Nxe3 34. Rxc8+ Bxc8 35. fxe3 Qxe3+ 36. Kf1 e4 37. Ne1 Bxh3 38. gxh3 Qxh3+ 39. Kg1 Qe3+ 40. Kh2 Qxe2+ 41. Ng2 Qh5+ 42. Kg1 Qf3 43. Qf1 Qxf1+ 44. Kxf1 f5 45. Ne3 g6 46. Nd5 Kg7 47.
Nc7 g5 48. Nxb5 Kf6 49. Nd4 Ke5 50. b5 Kd6 51. Ke2 Kc5 52. Ke3 f4+ 53. Kxe4 f3 54.
Kxf3 h5 55. Kg3 Kb6 56. Kf3 Kc5 57. Ke4 Kb6 58. Kf5 h4 59. Kg4 Kc5 60. Kh3 Kb6 61.
Kg4 Kc5 62. Kf3 Kb6 63. Kg4 1/2-1/2

[Event "*** Titled Tuesday Blitz"]
[Site "Chess.com"]
[Date "2021.03.30"]
[Round "1"]
[White "Rodalquilar"]
[Black "MaxLeto"]
[Result "0-1"]
[WhiteElo "2652"]
[BlackElo "2366"]
[TimeControl "180+1"]
[EndTime "10:08:23 PDT"]
[Termination "MaxLeto won by checkmate"]

1. d4 h5 2. e4 h4 3. Nc3 c6 4. Nf3 d5 5. exd5 cxd5 6. Ne5 Nf6 7. Bb5+ Nbd7 8. Qf3 e6 9. Bf4 a6 10. Bd3 b5 11.
O-O-O b4 12. Nb1 Qa5 13. g4 Qxa2 14. g5 Nxe5 15. dxe5 Nd7 16. g6 Nc5 17. gxf7+ Kd7 18. Bf5 Bb7 19. Bg4 Rc8 20. Kd2 Qxb2 21. Ke1 Qxc2 22.
Kf1 d4 23. Rxd4+ Kc7 24. Qe3 Qxb1+ 25. Rd1 Qe4 26. Qxe4 Nxe4 27. Rg1 Nc3 28. Rc1 Bd5 29. f3 Kb7 30. Kf2 Bc5+ 31. Be3 Be7 32. Bh3 Rh7 33. f4 Rf8 34. Bd4 Ne4+ 35. Ke3 Rxf7 36. f5 exf5 37.
Rg6 Bg5+ 38. Rxg5 Nxg5 39. Kd3 Ne4 40. Rb1 a5 41. Bg2 Re7 42. Ke3 g5 43. Bh3 g4 44.
Bf1 g3 45. h3 Rhf7 46. Kf4 Nf2 47. Be2 Be4 48. Rc1 Nxh3+ 49. Ke3 Bd5 50. Rc5 f4+ 51. Kd2 Bc6 52. Rxa5 f3 53. Ra7+ Kb8 54. Ra6 fxe2 55. Rxc6 Rd7 56. Ke3 e1=Q+ 57. Kd3 Rxd4+ 58. Kxd4 Qd2+ 59. Kc5 Qc3+ 60. Kb6 Qd4+ 61. Ka6 Ra7+ 62. Kb5 Qd5+ 63. Rc5 Rb7+ 64. Ka6 Qxc5 65. e6 Qb6# 0-1

[Event "*** Titled Tuesday Blitz"]
[Site "Chess.com"]
[Date "2021.03.30"]
[Round "1"]
[White "Mazetovic"]
[Black "JoliyRoger"]
[Result "1-0"]
[WhiteElo "2703"]
[BlackElo "2379"]
[TimeControl "180+1"]
[EndTime "10:08:24 PDT"]
[Termination "Mazetovic won on time"]

1. e4 c6 2. d4 d5 3. e5 Bf5 4.
Nf3 e6 5. Be2 Nd7 6. c3 Be7 7. Bf4 Bg6 8. Nbd2 Nh6 9. a4 a5 10. O-O O-O 11. h3 f6 12. exf6 Bxf6 13. Bh2 Nf7 14. Re1 Re8 15. Nb3 b6 16. Bd3 Nf8 17. Nc1 Bh5 18. g4 Bg6 19. Bxg6 Nxg6 20. Nd3 c5 21. Nfe5 Bxe5 22. Nxe5 Nfxe5 23. Bxe5 c4 24. Bg3 Qd7 25. h4 Rf8 26. Qd2 Rae8 27. h5 Ne7 28. h6 Ng6 29. Qg5 gxh6 30. Qxh6 e5 31. Qh5 e4 32. Qg5 Qf7 33. Re3 Re6 34. Qxd5 Nf4 35. Qg5+ Ng6 36. Rae1 Rf6 37. R1e2 Rf3 38. Kg2 Rxe3 39. Rxe3 Re8 40. d5 Rd8 41. d6 Re8 42.
Qf5 Kg7 43. Qb5 Nf4+ 44. Bxf4 Qxf4 45. Qh5 Rf8 46. Qh4 Kg8 47. Qg3 Qg5 48. Rxe4 Qg6 49. Rd4 Re8 50. d7 Rd8 51. Qd6 Qxd6 52. Rxd6 Kf7 53. Rd4 Ke6 54. f4 b5 55. axb5 Rxd7 56. Rxd7 Kxd7 57. f5 Kd6 58. f6 a4 59. b6 Kc6 60. f7 a3 61. bxa3 1-0

[Event "*** Titled Tuesday Blitz"]
[Site "Chess.com"]
[Date "2021.03.30"]
[Round "1"]
[White "ApacheSVD"]
[Black "Supernotar"]
[Result "1-0"]
[WhiteElo "2412"]
[BlackElo "2702"]
[TimeControl "180+1"]
[EndTime "10:08:27 PDT"]
[Termination "ApacheSVD won by checkmate"]

1. e4 c6 2. c4 d5 3. cxd5 cxd5 4. exd5 Nf6 5. Nc3 Nxd5 6. Nf3 Nc6 7. Bb5 e6 8. O-O Be7 9. Re1 O-O 10. d4 a6 11.
Bxc6 bxc6 12. Na4 a5 13. Ne5 Bd7 14. a3 Rb8 15. Qc2 Qc7 16. Bd2 Ra8 17. Rac1 Rfc8 18. Qd3 Be8 19. Rc2 Qb7 20. Rec1 h6 21. Qg3 Kf8 22. Qf3 Kg8 23. Qg3 Kf8 24. Nc4 Qb5 25. Nc5 a4 26. Ne5 Nf6 27. Qf3 Kg8 28. Be3 Rab8 29. Qh3 Bf8 30. g4 Nd5 31. Bd2 Rc7 32. g5 hxg5 33. Bxg5 Bxc5 34. dxc5 Qb3 35. Be3 Rcb7 36. Nc4 Rc7 37. Nd6 Nxe3 38. fxe3 Qd5 39. Rg2 Qe5 40. Rcc2 Rb3 41. Kf2 Rxb2 42. Rxb2 Qxb2+ 43. Kf3 Qxa3 44. Nxe8 Rb7 45. Rxg7+ Kf8 46. Qh8+ Ke7 47.
Nd6 Qxc5 48. Rxf7+ Kxd6 49. Qd8+ Ke5 50. Qd4+ Qxd4 51.
exd4+ Kxd4 52. Rxb7 Kc3 53. h4 a3 54. h5 a2 55. Ra7 Kb2 56. h6 a1=Q 57. Rxa1 Kxa1 58. h7 c5 59. h8=Q+ Ka2 60. Ke3 c4 61. Kd2 Kb3 62. Qc3+ Ka4 63. Qxc4+ Ka5 64. Qxe6 Kb5 65. Qd6 Kc4 66. Ke3 Kb5 67. Qc7 Kb4 68. Kd4 Kb5 69. Qc5+ Ka4 70. Qb6 Ka3 71. Kc3 Ka4 72. Qb4# 1-0

[Event "*** Titled Tuesday Blitz"]
[Site "Chess.com"]
[Date "2021.03.30"]
[Round "1"]
[White "nikitadovbnya2008"]
[Black "eduardoperalta"]
[Result "1/2-1/2"]
[WhiteElo "2198"]
[BlackElo "2518"]
[TimeControl "180+1"]
[EndTime "10:08:31 PDT"]
[Termination "Game drawn - insufficient material"]

1. e4 c5 2. Nf3 Nc6 3. d4 cxd4 4. Nxd4 Nf6 5. Nc3 d6 6. Bg5 e6 7. Qd2 Be7 8. O-O-O O-O 9. f4 h6 10. Bxf6 Bxf6 11.
Nxc6 bxc6 12. Qxd6 Qb6 13. e5 Rd8 14. Qa3 Qe3+ 15.
Kb1 Rxd1+ 16. Nxd1 Qxa3 17. bxa3 Rb8+ 18. Kc1 Be7 19. a4 Rb4 20. g3 Rxa4 21. Nc3 Ba3+ 22. Kd2 Rd4+ 23. Bd3 c5 24. Nb5 Ra4 25. Nd6 Bd7 26.
Rb1 g5 27. Rb8+ Kg7 28. Rb7 Bc6 29. Rxf7+ Kg8 30. Bh7+ Kh8 31. Rc7 Bd5 32. Bg6 Bb4+ 33. c3 Rxa2+ 34. Kd3 c4+ 35. Nxc4 Bf8 36. Nd6 Ra6 37. Rc8 Kg7 38. Be4 Bxd6 39. Bxd5 Bxe5 40. fxe5 exd5 41. Rc7+ Kg6 42. Kd4 Ra5 43. Kd3 h5 44.
Kd4 h4 45. Rc6+ Kf5 46. e6 Kf6 47. Rd6 hxg3 48. hxg3 Ke7 49. Rc6 Ra4+ 50. Ke5 Re4+ 51. Kf5 Re3 52. Kxg5 Rxg3+ 53. Kf5 Rd3 54. Ke5 Re3+ 55. Kxd5 Rd3+ 56. Ke5 Re3+ 57. Kd5 Kd8 58. Rd6+ Ke7 59. Rd7+ Ke8 60. Rxa7 Rxc3 61. Ra8+ Ke7 62. Ra7+ Ke8 63. Ra8+ Ke7 64. Ra7+ Kf6 65. e7 Kf7 66. Kd6 Rd3+ 67. Kc6 Ke8 68. Ra8+ Kxe7 69. Ra7+ Ke6 70. Ra6 Rd6+ 71. Kb7 Rxa6 72. Kxa6 1/2-1/2

[Event "*** Titled Tuesday Blitz"]
[Site "Chess.com"]
[Date "2021.03.30"]
[Round "1"]
[White "Yurovskykh_Oleksandr"]
[Black "MarkoPe"]
[Result "1-0"]
[WhiteElo "2524"]
[BlackElo "2186"]
[TimeControl "180+1"]
[EndTime "10:08:31 PDT"]
[Termination "Yurovskykh_Oleksandr won on time"]

1. d4 d5 2. Bf4 Nf6 3. e3 e6 4.
Nf3 Bd6 5. Bg3 O-O 6. Nbd2 c5 7. Bxd6 Qxd6 8. dxc5 Qxc5 9. c4 Nc6 10. Rc1 Qb4 11.
Qc2 e5 12. cxd5 Nxd5 13. Bc4 Nf6 14. a3 Qe7 15. O-O Bg4 16. Ng5 Bh5 17. Bb5 Rac8 18. Qa4 Rfd8 19. Nde4 Nd5 20. Bxc6 bxc6 21. Rxc6 Rxc6 22.
Qxc6 f5 23. Ng3 Qxg5 24. Nxh5 Qxh5 25. Qe6+ Qf7 26. Qxe5 Qf6 27. Qg3 Qxb2 28. Qh4 Qf6 29. Qc4 Qf7 30. g3 h6 31. Rd1 Kh8 32. Qd4 Rd7 33. Qa4 Nb6 34. Rxd7 Qxd7 35. Qa5 Kh7 36. h4 Kg6 37. Kh2 Qa4 38. Qe5 Qxa3 39. Qe6+ Kh7 40. Qxf5+ Kg8 41. Qe6+ Kh8 42. Qe8+ Kh7 43. Qe4+ g6 44.
Qb7+ Kg8 45. Qb8+ Qf8 46. Qxa7 Nc8 47. Qa2+ Qf7 48. Qe2 Ne7 49. Kg1 Nf5 50. Qb2 Qg7 51. Qb8+ Qf8 52. Qf4 Qf7 53. h5 gxh5 54. e4 Nd6 55.
Qxd6 h4 56. Qd8+ Kg7 57. Qxh4 Qa2 58. Qg4+ Kh7 59. Qf4 Qb1+ 60. Kg2 Qd3 61. Qf5+ Kg7 62. Qd5 Kg6 63. Qxd3 1-0